AoeStats
← Hopeless

Arena

509358171Analyzed
2v2 RM · 5d ago on Sep 26, 2026· 46m 29s· 4 players
Game mode
Random Map
Map size
Medium (4 player)
Population
200
Speed
Normal
Resources
Standard
Victory
Conquest
Starting age
Dark Age
Ending age
Imperial Age
RankedLock teamsTeams togetherTeam positionsShared explorationLock speedFull tech treeHidden civsTurbo modeCheats
Victory
Defeat
🇩🇪 Poles · Germany
1005
+16
🇩🇰 Lithuanians · Denmark
972
+17
🇹🇼 Byzantines · Taiwan
1016
-18
🇳🇿 Persians · New Zealand
971
-15
► Œηd; ◄
4:35 Loom
14:07 Feudal Age
18:20 Castle Age
21:31 Stone Mining
21:35 Double-Bit Axe
23:52 Stone Shaft Mining
23:09 Gold Mining
23:34 Bow Saw
25:11 Horse Collar
26:13 Heavy Plow
26:44 Forging
26:41 Scale Barding Armor
28:36 Iron Casting
30:36 Imperial Age
28:45 Wheelbarrow
29:42 Chain Barding Armor
30:20 Light Cavalry
31:13 Bloodlines
32:51 Blast Furnace
32:25 Crop Rotation
31:20 Winged Hussar
32:02 Husbandry
32:28 Conscription
32:49 Lechitic Legacy
33:52 Scale Mail Armor
40:59 Chain Mail Armor
42:33 Man-at-Arms
43:14 Squires
42:59 Arson
43:45 Long Swordsman
45:10 Plate Mail Armor
44:28 Two-Handed Swordsman
45:07 Champion
maltheh9797
11:04 Feudal Age
12:26 Wheelbarrow
15:07 Castle Age
13:19 Double-Bit Axe
13:56 Horse Collar
18:19 Bow Saw
22:42 Scale Mail Armor
31:03 Imperial Age
28:11 Pikeman
29:37 Squires
29:51 Forging
30:23 Chain Mail Armor
30:38 Ballistics
30:08 Heated Shot
30:03 Treadmill Crane
31:10 Loom
31:48 Hand Cart
31:20 Town Watch
33:09 Chemistry
32:25 Fletching
32:35 Padded Archer Armor
33:46 Conscription
33:47 Scale Barding Armor
34:06 Elite Skirmisher
34:55 Thumb Ring
34:31 Elite Leitis
34:55 Elite Skirmisher
36:49 Tower Shields
36:57 Halberdier
40:35 Bodkin Arrow
40:55 Leather Archer Armor
41:58 Chain Barding Armor
42:17 Iron Casting
46:38 Ring Archer Armor
46:14 Bracer
Hopeless
9:55 Loom
12:43 Feudal Age
14:00 Wheelbarrow
16:45 Castle Age
15:11 Double-Bit Axe
15:43 Stone Mining
17:57 Bow Saw
25:49 Gold Mining
28:41 Imperial Age
26:33 Hand Cart
27:39 Ballistics
27:03 Horse Collar
27:56 Heavy Plow
27:49 Fletching
27:47 Pikeman
28:28 Squires
28:33 Elite Skirmisher
29:13 Bodkin Arrow
29:20 Padded Archer Armor
30:02 Conscription
31:46 Chemistry
31:17 Halberdier
32:26 Bracer
32:42 Leather Archer Armor
32:37 Forging
32:28 Scale Mail Armor
34:07 Two-Man Saw
34:42 Scale Mail Armor
35:12 Ring Archer Armor
35:25 Fortified Wall
35:57 Crop Rotation
36:12 Gold Shaft Mining
36:14 Stone Shaft Mining
39:17 Iron Casting
38:58 Chain Mail Armor
39:11 Treadmill Crane
42:43 Plate Mail Armor
Propercrisps
6:12 Loom
8:14 Loom
11:59 Feudal Age
12:30 Double-Bit Axe
12:46 Horse Collar
16:08 Forging
18:00 Castle Age
16:19 Bloodlines
16:45 Gold Mining
17:27 Scale Barding Armor
20:35 Husbandry
24:00 Wheelbarrow
23:12 Town Watch
23:45 Stone Mining
25:40 Iron Casting
29:26 Imperial Age
27:53 Bow Saw
28:42 Hand Cart
28:35 Crossbowman
30:46 Blast Furnace
30:53 Chain Barding Armor
31:13 Thumb Ring
31:03 Fletching
33:56 Chemistry
32:58 Heavy Plow
32:54 Heavy Camel Rider
33:37 Kamandaran
33:56 Bodkin Arrow
34:01 Padded Archer Armor
33:39 Elite Skirmisher
35:29 Ballistics
36:44 Two-Man Saw
38:34 Conscription
40:48 Leather Archer Armor
40:54 Chain Barding Armor
Connection lost

Rejoining the realm…

Still unreachable

The connection could not be restored.

Session expired

The server has moved on; the page needs a fresh start.